| TOP OF THE 1ST |
|
Columbus Jets batting - Pitching for Syracuse Chiefs : RHP Ramon Mendoza
|
|
Pitching: RHP Ramon Mendoza
|
|
|
Batting: LHB Craig Brooks
|
0-0: Foul Ball, location: 2F 0-1: Swinging Strike 0-2: Fly out, F8 (Flyball, 89D, EV 95.0 MPH)
|
|
Batting: RHB Greg Schultz
|
0-0: Called Strike 0-1: Called Strike 0-2: Strikes out swinging
|
|
Batting: RHB Danny Tartabull
|
0-0: Swinging Strike 0-1: Ball 1-1: Swinging Strike 1-2: Foul Ball, location: 2F 1-2: Ball 2-2: Strikes out swinging
|
| Top of the 1st over - 0 runs, 0 hits, 0 errors, 0 left on base; Columbus 0 - Syracuse 0 |
| BOTTOM OF THE 1ST |
|
Syracuse Chiefs batting - Pitching for Columbus Jets : RHP Moose Haas
|
|
Pitching: RHP Moose Haas
|
|
|
Batting: SHB Larry Lintz
|
0-0: Called Strike 0-1: Ball 1-1: SINGLE (Line Drive, 6MD, EV 98.1 MPH)
|
|
Batting: RHB Phil Garner
|
0-0: Ball 1-0: Foul Ball, location: 2F 1-1: Foul Ball, location: 2F 1-2: Strikes out swinging
|
|
Batting: RHB Jim G Wilson
|
0-0: Ball 1-0: Fly out, F4 (Popup, 3DF, EV 63.8 MPH)
|
|
Batting: LHB Darryl Strawberry
|
0-0: Called Strike 0-1: Ball 1-1: Foul Ball, location: 2F 1-2: Ball 2-2: Foul Ball, location: 2F 2-2: Foul Ball, location: 2F 2-2: Foul Ball, location: 2F 2-2: Ground out 4-3 (Groundball, 4, EV 77.5 MPH)
|
| Bottom of the 1st over - 0 runs, 1 hit, 0 errors, 1 left on base; Columbus 0 - Syracuse 0 |
| TOP OF THE 2ND |
|
Columbus Jets batting - Pitching for Syracuse Chiefs : RHP Ramon Mendoza
|
|
Batting: LHB Larry Sheets
|
0-0: Fly out, F8 (Flyball, 89M, EV 86.9 MPH)
|
|
Batting: RHB Jim Maler
|
0-0: Ball 1-0: Ball 2-0: Ball 3-0: Ground out 5-3 (Groundball, 56, EV 81.3 MPH)
|
|
Batting: RHB Michael Ventress
|
0-0: Called Strike 0-1: SINGLE (Groundball, 56D, EV 96.9 MPH)
|
|
Batting: RHB Glenn Goya
|
0-0: SINGLE (Groundball, 3D, EV 108.1 MPH) Michael Ventress to second Runner from 2nd tries for 3rd, SAFE, throw by RF made to third
|
|
Batting: RHB Ray Smith
|
0-0: Called Strike 0-1: SINGLE (Groundball, 6MD, EV 110.0 MPH) Michael Ventress scores Glenn Goya to second Runner from 2nd tries for 3rd, SAFE, no throw by CF
|
|
Batting: RHB Jackie Gutierrez
|
0-0: Ball 1-0: Ball 2-0: Called Strike 2-1: Ball 3-1: Foul Ball, location: 2F 3-2: Foul Ball, location: 2F 3-2: Base on Balls Ray Smith to second
|
|
Batting: LHB Craig Brooks
|
0-0: Ball 1-0: Ball 2-0: Foul Ball, location: 2F 2-1: Swinging Strike 2-2: Foul Ball, location: 2F 2-2: Strikes out swinging
|
| Top of the 2nd over - 1 run, 3 hits, 0 errors, 3 left on base; Columbus 1 - Syracuse 0 |
| BOTTOM OF THE 2ND |
|
Syracuse Chiefs batting - Pitching for Columbus Jets : RHP Moose Haas
|
|
Batting: RHB Dave Meier
|
0-0: Ball 1-0: Foul Ball, location: 2F 1-1: Foul Ball, location: 2F 1-2: Strikes out looking
|
|
Batting: RHB Hubie Brooks
|
0-0: Foul Ball, location: 2F 0-1: Ball 1-1: Ball 2-1: SINGLE (Line Drive, 7LM, EV 99.4 MPH)
|
|
Batting: LHB Wayne Gross
|
0-0: Called Strike Hubie Brooks steals 2nd base 0-1: Called Strike 0-2: Foul Ball, location: 2F 0-2: Foul Ball, location: 2F 0-2: Foul Ball, location: 2F 0-2: Ground out 5-3 (Groundball, 56, EV 100.0 MPH)
|
|
Batting: LHB Danny Goodwin
|
0-0: Called Strike 0-1: Ball 1-1: Swinging Strike 1-2: Fly out, F8 (Flyball, 8LD, EV 101.9 MPH)
|
| Bottom of the 2nd over - 0 runs, 1 hit, 0 errors, 1 left on base; Columbus 1 - Syracuse 0 |
| TOP OF THE 3RD |
|
Columbus Jets batting - Pitching for Syracuse Chiefs : RHP Ramon Mendoza
|
|
Batting: RHB Greg Schultz
|
0-0: Foul Ball, location: 2F 0-1: Ball 1-1: Ball 2-1: Foul Ball, location: 2F 2-2: Foul Ball, location: 2F 2-2: Ball 3-2: Foul Ball, location: 2F 3-2: Ground out 6-3 (Groundball, 6, EV 98.1 MPH)
|
|
Batting: RHB Danny Tartabull
|
0-0: Ball 1-0: Ball 2-0: Called Strike 2-1: SOLO HOME RUN (Flyball, 89XD, EV 109.4 MPH), Distance : 401 ft
|
|
Batting: LHB Larry Sheets
|
0-0: Called Strike 0-1: Ball 1-1: Foul Ball, location: 2F 1-2: Strikes out looking
|
|
Batting: RHB Jim Maler
|
0-0: Ground out 5-3 (Groundball, 5, EV 84.4 MPH)
|
| Top of the 3rd over - 1 run, 1 hit, 0 errors, 0 left on base; Columbus 2 - Syracuse 0 |
| BOTTOM OF THE 3RD |
|
Syracuse Chiefs batting - Pitching for Columbus Jets : RHP Moose Haas
|
|
Batting: LHB Jon Jimenez
|
0-0: Ball 1-0: Fly out, F8 (Line Drive, 8LM, EV 98.1 MPH)
|
|
Batting: SHB Larry Lintz
|
0-0: Foul Ball, location: 2F 0-1: Swinging Strike 0-2: Foul Ball, location: 2F 0-2: Ball 1-2: Foul Ball, location: 2F 1-2: Ball 2-2: Strikes out swinging
|
|
Batting: RHB Phil Garner
|
0-0: Ball 1-0: Called Strike 1-1: Ball 2-1: Ground out 6-3 (Groundball, 6, EV 82.5 MPH)
|
| Bottom of the 3rd over - 0 runs, 0 hits, 0 errors, 0 left on base; Columbus 2 - Syracuse 0 |
| TOP OF THE 4TH |
|
Columbus Jets batting - Pitching for Syracuse Chiefs : RHP Ramon Mendoza
|
|
Batting: RHB Michael Ventress
|
0-0: Ball 1-0: SOLO HOME RUN (Line Drive, 7LD, EV 100.6 MPH), Distance : 383 ft
|
|
Batting: RHB Glenn Goya
|
0-0: Fly out, F9 (Flyball, 9LM, EV 72.5 MPH)
|
|
Batting: RHB Ray Smith
|
0-0: SINGLE (Line Drive, 78S, EV 105.0 MPH)
|
|
Batting: RHB Jackie Gutierrez
|
0-0: Ball Ray Smith steals 2nd base 1-0: SINGLE (Line Drive, 7LS, EV 106.3 MPH) Ray Smith to third Runner from 3rd tries for Home, SAFE, throw by LF to home
|
|
Batting: LHB Craig Brooks
|
0-0: Called Strike 0-1: Called Strike 0-2: Foul Ball, location: 2F 0-2: DOUBLE (Line Drive, 5D, EV 111.9 MPH) Jackie Gutierrez to third
|
|
Batting: RHB Greg Schultz
|
0-0: Foul Ball, location: 2F 0-1: Ball 1-1: 3-RUN HOME RUN (Flyball, 7D, EV 109.4 MPH), Distance : 399 ft
|
|
Pitching: RHP Bill Caudill
|
|
|
Batting: RHB Danny Tartabull
|
0-0: Called Strike 0-1: Swinging Strike 0-2: Strikes out looking
|
|
Batting: LHB Larry Sheets
|
0-0: Foul Ball, location: 2F 0-1: Foul Ball, location: 2F 0-2: Ground out 2-3 (Groundball, 2R, EV 69.4 MPH)
|
| Top of the 4th over - 5 runs, 5 hits, 0 errors, 0 left on base; Columbus 7 - Syracuse 0 |
| BOTTOM OF THE 4TH |
|
Syracuse Chiefs batting - Pitching for Columbus Jets : RHP Moose Haas
|
|
Batting: RHB Jim G Wilson
|
0-0: Called Strike 0-1: Ball 1-1: Swinging Strike 1-2: Strikes out looking and he ARGUES THE CALL AND IS TOSSED!
|
|
Batting: LHB Darryl Strawberry
|
0-0: Swinging Strike 0-1: Foul Ball, location: 2F 0-2: Ball 1-2: Foul Ball, location: 2F 1-2: Ball 2-2: Foul Ball, location: 2F 2-2: Strikes out swinging
|
|
Batting: RHB Dave Meier
|
0-0: SINGLE (Line Drive, 4D, EV 98.8 MPH)
|
|
Batting: RHB Hubie Brooks
|
0-0: Fly out, F8 (Flyball, 78D, EV 79.4 MPH)
|
| Bottom of the 4th over - 0 runs, 1 hit, 0 errors, 1 left on base; Columbus 7 - Syracuse 0 |
| TOP OF THE 5TH |
|
Columbus Jets batting - Pitching for Syracuse Chiefs : RHP Bill Caudill
|
|
Now at 2B: Jeff Doyle
|
|
|
Batting: RHB Jim Maler
|
0-0: Called Strike 0-1: Ball 1-1: Ground out 5-3 (Groundball, 5, EV 81.9 MPH)
|
|
Batting: RHB Michael Ventress
|
0-0: Ball 1-0: Foul Ball, location: 2F 1-1: Ball 2-1: Swinging Strike 2-2: Foul Ball, location: 2F 2-2: Ground out 5-3 (Groundball, 56S, EV 80.6 MPH)
|
|
Batting: RHB Glenn Goya
|
0-0: Foul Ball, location: 2F 0-1: Ball 1-1: Swinging Strike 1-2: Ball 2-2: Ball 3-2: Strikes out swinging
|
| Top of the 5th over - 0 runs, 0 hits, 0 errors, 0 left on base; Columbus 7 - Syracuse 0 |
| BOTTOM OF THE 5TH |
|
Syracuse Chiefs batting - Pitching for Columbus Jets : RHP Moose Haas
|
|
Batting: LHB Wayne Gross
|
0-0: Swinging Strike 0-1: Ball 1-1: Ball 2-1: Foul Ball, location: 2F 2-2: Strikes out looking
|
|
Batting: LHB Danny Goodwin
|
0-0: Called Strike 0-1: Foul Ball, location: 2F 0-2: Fly out, F6 (Flyball, 56D, EV 90.0 MPH)
|
|
Batting: LHB Jon Jimenez
|
0-0: Called Strike 0-1: Ball 1-1: Fly out, F5 (Line Drive, 5, EV 63.1 MPH)
|
| Bottom of the 5th over - 0 runs, 0 hits, 0 errors, 0 left on base; Columbus 7 - Syracuse 0 |
| TOP OF THE 6TH |
|
Columbus Jets batting - Pitching for Syracuse Chiefs : RHP Bill Caudill
|
|
Batting: RHB Ray Smith
|
0-0: Called Strike 0-1: Ball 1-1: Ground out 5-3 (Groundball, 56, EV 104.4 MPH)
|
|
Batting: RHB Jackie Gutierrez
|
0-0: Foul Ball, location: 2F 0-1: Ground out 6-3 (Groundball, 6, EV 100.6 MPH)
|
|
Batting: LHB Craig Brooks
|
0-0: Ball 1-0: Ground out U3 (Groundball, 3, EV 110.0 MPH)
|
| Top of the 6th over - 0 runs, 0 hits, 0 errors, 0 left on base; Columbus 7 - Syracuse 0 |
| BOTTOM OF THE 6TH |
|
Syracuse Chiefs batting - Pitching for Columbus Jets : RHP Moose Haas
|
|
Batting: SHB Larry Lintz
|
0-0: Ball 1-0: Ball 2-0: Called Strike 2-1: Called Strike 2-2: Ball 3-2: Foul Ball, location: 2F 3-2: Ground out U3 (Groundball, 3L, EV 83.8 MPH)
|
|
Batting: RHB Phil Garner
|
0-0: Ball 1-0: SINGLE (Line Drive, 9LM, EV 91.9 MPH)
|
|
Batting: SHB Jeff Doyle
|
0-0: Ball 1-0: Called Strike 1-1: Fielders Choice at 2nd, 4-6 (Groundball, 4, EV 103.1 MPH)
|
|
Batting: LHB Darryl Strawberry
|
0-0: Ball 1-0: Ball 2-0: Ball 3-0: Called Strike 3-1: Called Strike 3-2: Ground out U3 (Groundball, 34S, EV 83.8 MPH)
|
| Bottom of the 6th over - 0 runs, 1 hit, 0 errors, 1 left on base; Columbus 7 - Syracuse 0 |
| TOP OF THE 7TH |
|
Columbus Jets batting - Pitching for Syracuse Chiefs : RHP Bill Caudill
|
|
Batting: RHB Greg Schultz
|
0-0: Ball 1-0: Ball 2-0: Ball 3-0: Called Strike 3-1: Called Strike 3-2: Ground out 3-1 (Groundball, 34, EV 96.3 MPH)
|
|
Batting: RHB Danny Tartabull
|
0-0: Called Strike 0-1: Foul Ball, location: 2F 0-2: Ball 1-2: Strikes out swinging
|
|
Batting: LHB Larry Sheets
|
0-0: Ball 1-0: Foul Ball, location: 2F 1-1: Ball 2-1: Ball 3-1: Foul Ball, location: 2F 3-2: Base on Balls
|
|
Batting: RHB Jim Maler
|
0-0: SINGLE (Flyball, 4D, EV 89.4 MPH) Larry Sheets to second
|
|
Batting: RHB Michael Ventress
|
0-0: Ball 1-0: Called Strike 1-1: Foul Ball, location: 2F 1-2: Ground out 6-3 (Groundball, 6S, EV 85.0 MPH)
|
| Top of the 7th over - 0 runs, 1 hit, 0 errors, 2 left on base; Columbus 7 - Syracuse 0 |
| BOTTOM OF THE 7TH |
|
Syracuse Chiefs batting - Pitching for Columbus Jets : RHP Moose Haas
|
|
Batting: RHB Dave Meier
|
0-0: Ball 1-0: Swinging Strike 1-1: Ball 2-1: Foul Ball, location: 2F 2-2: Foul Ball, location: 2F 2-2: Ball 3-2: Base on Balls
|
|
Batting: RHB Hubie Brooks
|
0-0: Called Strike 0-1: Swinging Strike 0-2: Ball 1-2: Grounds into double play, 6-4-3 (Groundball, 6, EV 85.0 MPH)
|
|
Pinch Hitting: RHB Hank Small
|
0-0: Swinging Strike 0-1: Ball 1-1: Foul Ball, location: 2F 1-2: TRIPLE (Line Drive, 9LD, EV 108.8 MPH)
|
|
Batting: LHB Danny Goodwin
|
0-0: Called Strike 0-1: Fly out, F7 (Flyball, 7LM, EV 86.9 MPH)
|
| Bottom of the 7th over - 0 runs, 1 hit, 0 errors, 1 left on base; Columbus 7 - Syracuse 0 |
| TOP OF THE 8TH |
|
Columbus Jets batting - Pitching for Syracuse Chiefs : RHP Bill Caudill
|
|
Now in LF: Hank Small
|
|
|
Batting: RHB Glenn Goya
|
0-0: Foul Ball, location: 2F 0-1: Foul Ball, location: 2F 0-2: Foul Ball, location: 2F 0-2: Ball 1-2: Ball 2-2: Strikes out looking
|
|
Batting: RHB Ray Smith
|
0-0: Fly out, F7 (Line Drive, 7, EV 98.8 MPH)
|
|
Batting: RHB Jackie Gutierrez
|
0-0: Ball 1-0: Ball 2-0: Ball 3-0: Called Strike 3-1: Fly out, F9 (Flyball, 9, EV 86.9 MPH)
|
| Top of the 8th over - 0 runs, 0 hits, 0 errors, 0 left on base; Columbus 7 - Syracuse 0 |
| BOTTOM OF THE 8TH |
|
Syracuse Chiefs batting - Pitching for Columbus Jets : RHP Moose Haas
|
|
Batting: LHB Jon Jimenez
|
0-0: Fly out, F6 (Flyball, 56D, EV 85.6 MPH)
|
|
Batting: SHB Larry Lintz
|
0-0: Ball 1-0: Foul Ball, location: 2F 1-1: Reached on error, E6 (Groundball, 6S, EV 61.9 MPH)
|
|
Pinch Hitting: SHB Al Pardo
|
0-0: Called Strike 0-1: Ball 1-1: Fly out, F8 (Flyball, 8RD, EV 74.4 MPH)
|
|
Batting: SHB Jeff Doyle
|
0-0: Ball 1-0: Ball 2-0: SINGLE (Line Drive, 7LS, EV 91.3 MPH) Larry Lintz to second
|
|
Pinch Hitting: LHB Carlos May
|
0-0: Called Strike 0-1: Ball 1-1: Swinging Strike 1-2: Ball 2-2: Ground out 4-3 (Groundball, 4, EV 93.1 MPH)
|
| Bottom of the 8th over - 0 runs, 1 hit, 1 error, 2 left on base; Columbus 7 - Syracuse 0 |
| TOP OF THE 9TH |
|
Columbus Jets batting - Pitching for Syracuse Chiefs : RHP Bill Caudill
|
|
Now at 1B: Al Pardo
|
|
|
Now in RF: Carlos May
|
|
|
Batting: LHB Craig Brooks
|
0-0: Called Strike 0-1: Called Strike 0-2: Ball 1-2: Strikes out swinging
|
|
Batting: RHB Greg Schultz
|
0-0: Ball 1-0: Fly out, F7 (Flyball, 7, EV 80.0 MPH)
|
|
Batting: RHB Danny Tartabull
|
0-0: Called Strike 0-1: Called Strike 0-2: Strikes out swinging
|
| Top of the 9th over - 0 runs, 0 hits, 0 errors, 0 left on base; Columbus 7 - Syracuse 0 |
| BOTTOM OF THE 9TH |
|
Syracuse Chiefs batting - Pitching for Columbus Jets : RHP Moose Haas
|
|
Batting: RHB Dave Meier
|
0-0: Foul Ball, location: 2F 0-1: Ball 1-1: Swinging Strike 1-2: Ball 2-2: TRIPLE (Groundball, 3L, EV 104.4 MPH)
|
|
Batting: RHB Hubie Brooks
|
0-0: Fly out, F1 (Line Drive, P, EV 66.9 MPH)
|
|
Batting: RHB Hank Small
|
0-0: Fly out, F8 (Flyball, 8LD, EV 97.5 MPH) Runner from 3rd tags up, SCORES, no throw by CF
|
|
Batting: LHB Danny Goodwin
|
0-0: Called Strike 0-1: Ball 1-1: Ball 2-1: Ball 3-1: SINGLE (Line Drive, 56D, EV 96.3 MPH)
|
|
Pitching: RHP Jose Alonso
|
|
|
Batting: LHB Jon Jimenez
|
0-0: Ball 1-0: Called Strike 1-1: Ball 2-1: Called Strike 2-2: Ball 3-2: Strikes out swinging
|
| Bottom of the 9th over - 1 run, 2 hits, 0 errors, 1 left on base; Columbus 7 - Syracuse 1 |
|